Map: Vallée des cactus EC

Players

Zerarax

  • Race: Protoss Protoss
  • League: Grandmaster

AgCl - Winner!

  • Race: Protoss Protoss
  • League: Grandmaster

VOD

Have the link to the VOD?

Description

Time

  • Played on: May 30, 2015, 9:56 p.m.
  • Length: 18:39
Show
View Real Time Build Order
Export as new Build Order

Zerarax Protoss 

Build Orders: 1 Gate Expand 

Get SALT Encoding   

  12  0:01  Probe  
  13  0:18  Pylon  
  13  0:21  Probe  
  14  0:40  Probe (Chrono Boost)  
  15  0:43  Gateway  
  15  0:47  Assimilator  
  15  0:49  Probe (Chrono Boost)  
  17  0:57  Probe  
  17  0:58  Assimilator  
  17  1:09  Probe (Chrono Boost)  
  18  1:21  Probe (Chrono Boost)  
  19  1:26  Nexus  
  19  1:28  Probe (Chrono Boost)  
  20  1:35  Gateway  
  20  1:38  Probe (Chrono Boost)  
  21  1:46  Assimilator  
  22  1:47  Probe (Chrono Boost)  
  22  1:51  Assimilator  
  22  1:56  Pylon  
  22  2:02  Pylon  
  22  2:14  Probe (Chrono Boost)  
  23  2:22  Cybernetics Core  
  23  2:26  Probe (Chrono Boost)  
  24  2:34  Probe (Chrono Boost)  
  25  2:37  Forge  
  25  2:44  Pylon  
  25  2:52  Probe (Chrono Boost)  
  26  3:02  Probe (Chrono Boost)  
  26  3:05  Stargate  
  27  3:08  Adept  
  29  3:13  Photon Cannon  
  29  3:15  Probe (Chrono Boost)  
  29  3:18  Probe (Chrono Boost)  
  31  3:26  Probe (Chrono Boost)  
  33  3:27  Probe (Chrono Boost)  
  33  3:28  Protoss Air Weapons Level 1 (Chrono Boost)  
  33  3:37  Mothership Core (Chrono Boost)  
  33  3:39  Adept  
  37  3:49  Probe (Chrono Boost)  
  38  3:59  Probe (Chrono Boost)  
  39  4:03  Oracle (Chrono Boost)  
  39  4:06  Probe  
  43  4:16  Probe (Chrono Boost)  
  44  4:18  Probe (Chrono Boost)  
  45  4:29  Photon Cannon  
  45  4:30  Probe (Chrono Boost)  
  46  4:36  Probe (Chrono Boost)  
  47  4:41  Nexus  
  47  4:44  Photon Cannon  
  47  4:45  Phoenix  
  49  4:47  Probe  
  50  4:59  Probe (Chrono Boost)  
  51  5:07  Stargate  
  51  5:09  Probe (Chrono Boost), Pylon  
  51  5:13  Probe (Chrono Boost)  
  53  5:17  Probe (Chrono Boost)  
  55  5:23  Probe (Chrono Boost)  
  55  5:39  Probe (Chrono Boost)  
  56  5:43  Assimilator  
  56  5:47  Assimilator  
  56  5:49  Probe (Chrono Boost)  
  57  5:56  Probe  
  58  6:04  Pylon  
  58  6:07  Probe  
  58  6:08  Probe x2  
  61  6:15  Pylon  
  61  6:20  Probe x3  
  61  6:23  Void Ray  
  61  6:24  Void Ray  
  72  6:32  Stargate  
  72  6:39  Pylon  
  72  6:42  Pylon  
  72  6:44  Assimilator  
  72  6:48  Assimilator  
  68  7:15  Void Ray x2  
  76  7:29  Probe (Chrono Boost), Photon Cannon  
  79  7:30  Probe (Chrono Boost)  
  79  7:33  Photon Cannon  
  79  7:34  Probe (Chrono Boost)  
  79  7:39  Probe x2 (Chrono Boost)  
  79  7:43  Probe (Chrono Boost)  
  82  7:46  Probe  
  83  7:52  Nexus  
  83  7:53  Twilight Council  
  83  7:54  Pylon  
  83  7:55  Pylon  
  83  7:58  Probe  
  84  7:59  Fleet Beacon  
  69  8:29  Photon Cannon  
  69  8:30  Photon Cannon  
  69  8:31  Photon Cannon  
  69  8:32  Photon Cannon  
  69  8:41  Void Ray x3 (Chrono Boost)  
  81  8:49  Photon Cannon  
  81  8:52  Pylon  
  81  8:59  Protoss Air Weapons Level 2  
  81  9:00  Graviton Catapult  
  81  9:03  Protoss Shields Level 1 (Chrono Boost)  
  81  9:09  Mothership Core  
  83  9:11  Probe  
  83  9:13  Carrier (Chrono Boost)  
  84  9:26  Photon Cannon  
  84  9:28  Photon Cannon  
  84  9:31  Photon Cannon  
  90  9:32  Void Ray (Chrono Boost)  
  90  9:34  Assimilator  
  94  9:38  Assimilator  
  94  9:42  Photon Cannon  
  94  9:45  Void Ray (Chrono Boost), Photon Cannon  
  98  9:47  Pylon  
  78  10:08  Void Ray (Chrono Boost)  
  81  10:17  Photon Cannon  
  81  10:19  Photon Cannon  
  81  10:21  Void Ray (Chrono Boost), Photon Cannon  
  85  10:23  Photon Cannon  
  85  10:25  Photon Cannon  
  85  10:27  Pylon, Stargate  
  84  10:29  Pylon, Carrier (Chrono Boost)  
  84  10:35  Void Ray (Chrono Boost)  
  86  10:46  Mothership Core  
  94  10:56  Void Ray (Chrono Boost)  
  98  11:00  Twilight Council  
  98  11:13  Void Ray (Chrono Boost)  
  102  11:27  Void Ray (Chrono Boost)  
  102  11:28  Protoss Air Weapons Level 3 (Chrono Boost)  
  106  11:38  Nexus  
  106  11:40  Pylon  
  106  11:41  Pylon  
  106  11:48  Tempest (Chrono Boost)  
  110  11:59  Photon Cannon  
  110  12:01  Photon Cannon  
  110  12:13  Void Ray (Chrono Boost)  
  110  12:14  Void Ray (Chrono Boost)  
  122  12:21  Void Ray (Chrono Boost)  
  122  12:28  Robotics Facility  
  122  12:30  Pylon  
  122  12:32  Pylon  
  122  12:46  Tempest  
  126  12:54  Nexus  
  126  12:55  Pylon  
  126  12:57  Pylon  
  126  12:59  Photon Cannon  
  126  13:00  Assimilator  
  126  13:01  Photon Cannon  
  126  13:03  Assimilator  
  126  13:04  Photon Cannon  
  132  13:06  Pylon  
  132  13:18  Observer  
  133  13:21  Tempest x2  
  141  13:48  Photon Cannon x2  
  141  13:51  Photon Cannon  
  141  13:53  Photon Cannon  
  141  13:56  Protoss Air Armor Level 1 (Chrono Boost)  
  141  14:01  Protoss Shields Level 2  
  141  14:07  Tempest  
  141  14:09  Tempest  
  83  15:12  Tempest (Chrono Boost)  
  83  15:13  Tempest x3 (Chrono Boost)  
  99  15:23  Photon Cannon  
  99  15:24  Photon Cannon  
  99  15:26  Photon Cannon  
  99  15:55  Void Ray x3  
  111  16:08  Observer  
  112  16:16  Nexus  
  112  16:29  Observer  
  106  17:01  Pylon  
  106  17:03  Pylon  
  106  17:06  Mothership Core  
  108  17:18  Void Ray  
  108  17:19  Void Ray  
Show
View Real Time Build Order
Export as new Build Order

AgCl Protoss - Winner!

Build Orders: Oracle Opening, Oracle Opening 

Get SALT Encoding   

  12  0:22  Pylon  
  12  0:26  Probe  
  13  0:38  Probe  
  14  0:51  Gateway  
  14  0:52  Probe  
  15  1:00  Assimilator  
  15  1:04  Probe  
  15  1:16  Probe (Chrono Boost)  
  15  1:18  Pylon  
  16  1:19  Pylon  
  16  1:28  Probe (Chrono Boost)  
  17  1:36  Probe (Chrono Boost)  
  18  1:44  Cybernetics Core  
  18  1:45  Probe (Chrono Boost)  
  19  1:57  Probe (Chrono Boost)  
  19  1:58  Assimilator  
  20  2:04  Probe (Chrono Boost)  
  21  2:14  Probe  
  22  2:23  Nexus, Warp Gate  
  22  2:27  Probe (Chrono Boost)  
  23  2:36  Stargate  
  23  2:41  Probe (Chrono Boost)  
  24  2:49  Probe (Chrono Boost)  
  25  2:58  Probe (Chrono Boost)  
  26  3:09  Pylon  
  26  3:10  Probe (Chrono Boost)  
  27  3:16  Probe (Chrono Boost)  
  27  3:19  Oracle (Chrono Boost)  
  31  3:28  Mothership Core (Chrono Boost)  
  31  3:29  Assimilator  
  33  3:38  Probe (Chrono Boost)  
  34  3:42  Probe (Chrono Boost)  
  34  3:45  Assimilator  
  36  3:53  Probe (Chrono Boost)  
  36  3:54  Probe (Chrono Boost)  
  37  4:01  Probe x2 (Chrono Boost)  
  39  4:11  Probe (Chrono Boost)  
  39  4:16  Fleet Beacon  
  41  4:17  Probe (Chrono Boost)  
  41  4:20  Probe (Chrono Boost)  
  41  4:24  Probe (Chrono Boost), Void Ray (Chrono Boost)  
  43  4:28  Probe  
  48  4:35  Probe  
  49  4:40  Probe  
  50  4:47  Probe  
  50  4:52  Forge  
  51  4:53  Probe  
  51  4:59  Probe, Phoenix (Chrono Boost)  
  55  5:05  Probe  
  56  5:11  Probe  
  57  5:21  Probe  
  57  5:26  Carrier (Chrono Boost)  
  58  5:30  Pylon  
  58  5:33  Photon Cannon  
  58  5:35  Protoss Air Weapons Level 1 (Chrono Boost)  
  58  5:36  Probe, Pylon  
  59  5:43  Photon Cannon  
  65  6:00  Probe x2  
  67  6:06  Stargate  
  67  6:08  Stargate  
  67  6:12  Probe  
  68  6:22  Nexus  
  68  6:27  Graviton Catapult, Pylon  
  68  6:29  Protoss Shields Level 1  
  68  6:33  Cybernetics Core  
  68  6:36  Pylon  
  68  6:45  Assimilator  
  68  6:46  Pylon  
  68  6:51  Carrier (Chrono Boost), Assimilator  
  68  6:54  Pylon  
  68  7:13  Phoenix (Chrono Boost)  
  68  7:14  Phoenix (Chrono Boost)  
  76  7:21  Carrier (Chrono Boost)  
  76  7:28  Protoss Air Armor Level 1 (Chrono Boost), Pylon  
  76  7:32  Gateway  
  76  7:34  Gateway  
  82  7:38  Pylon, Phoenix (Chrono Boost)  
  84  7:47  Twilight Council  
  84  7:54  Pylon  
  84  8:04  Carrier (Chrono Boost)  
  84  8:05  Carrier (Chrono Boost)  
  87  8:29  Protoss Ground Weapons Level 1  
  87  8:40  Carrier (Chrono Boost)  
  82  8:51  Probe x2 (Chrono Boost)  
  84  8:57  Probe (Chrono Boost)  
  84  9:00  Probe (Chrono Boost)  
  84  9:01  Probe (Chrono Boost)  
  92  9:03  Probe (Chrono Boost)  
  92  9:05  Protoss Air Weapons Level 2 (Chrono Boost)  
  93  9:11  Pylon  
  93  9:13  Gateway  
  93  9:15  Gateway  
  93  9:17  Gateway  
  94  9:24  Probe, Nexus  
  94  9:26  Probe  
  94  9:28  Assimilator x2  
  94  9:29  Pylon  
  95  9:33  Robotics Facility  
  95  9:36  Probe  
  96  9:38  Probe  
  97  9:46  Carrier x2 (Chrono Boost)  
  97  9:51  Carrier (Chrono Boost)  
  97  10:13  Probe  
  116  10:17  Probe  
  117  10:22  Pylon  
  118  10:36  Observer (Chrono Boost)  
  118  10:45  Probe x2  
  118  10:48  Protoss Shields Level 2 (Chrono Boost), Pylon  
  120  10:50  Observer (Chrono Boost)  
  120  10:53  Forge  
  121  11:04  Protoss Air Armor Level 2 (Chrono Boost)  
  121  11:06  Pylon  
  121  11:07  Pylon, Carrier (Chrono Boost)  
  121  11:13  Mothership Core (Chrono Boost), Pylon  
  125  11:19  Probe (Chrono Boost)  
  125  11:21  Probe (Chrono Boost)  
  126  11:26  Probe (Chrono Boost)  
  138  11:40  Photon Cannon  
  138  11:41  Probe  
  138  11:45  Zealot  
  138  11:46  Zealot  
  143  11:56  Dark Shrine  
  143  12:04  Zealot  
  143  12:05  Zealot  
  147  12:11  Charge (Chrono Boost)  
  147  12:14  Protoss Air Weapons Level 3 (Chrono Boost)  
  147  12:16  Pylon  
  147  12:26  Protoss Ground Weapons Level 2 (Chrono Boost)  
  147  12:30  Carrier (Chrono Boost)  
  147  12:51  Tempest x2 (Chrono Boost)  
  161  13:12  Dark Templar  
  163  13:15  Zealot  
  163  13:16  Zealot  
  163  13:18  Zealot x2  
  171  13:21  Pylon  
  168  13:29  Nexus  
  168  13:30  Assimilator  
  168  13:33  Pylon  
  164  13:38  Tempest (Chrono Boost)  
  164  13:39  Tempest (Chrono Boost), Protoss Shields Level 3 (Chrono Boost)  
  162  14:01  Assimilator  
  162  14:04  Stargate  
  162  14:12  Tempest (Chrono Boost)  
  174  14:17  Tempest x2 (Chrono Boost)  
  174  14:34  Carrier x2  
  170  14:39  Photon Cannon  
  170  14:44  Pylon  
  164  14:56  Tempest  
  180  15:10  Protoss Air Armor Level 3 (Chrono Boost)  
  180  15:13  Protoss Ground Weapons Level 3 (Chrono Boost)  
  180  15:20  Photon Cannon  
  180  15:24  Pylon  
  180  15:26  Pylon  
  180  15:35  Templar Archives  
  180  15:41  Pylon  
  168  15:52  Carrier (Chrono Boost)  
  168  16:13  Tempest (Chrono Boost)  
  168  16:14  Psionic Storm  
  168  16:16  Pylon  
  178  16:19  Protoss Ground Armor Level 1 (Chrono Boost)  
  178  16:26  Pylon  
  178  16:39  Pylon  
  178  16:42  Dark Templar  
  178  16:43  Dark Templar x3  
  178  16:45  Pylon  
  186  16:47  Gateway, Photon Cannon  
  186  16:48  Gateway x2  
  186  16:50  Gateway  
  180  16:55  Tempest (Chrono Boost)  
  182  17:04  Mothership Core (Chrono Boost)  
  184  17:18  Nexus  
Tags
 
Add a new tag
Caveats
  • Supply blocks, unpowered buildings, or Contaminate may cause inaccurate times.
  • Supply counts are checked every 10 seconds.